[Event "Live Chess"]
[Site "Chess.com"]
[Date "2024.06.02"]
[Round "-"]
[White "elis06"]
[Black "degringolade64"]
[Result "1-0"]
[WhiteElo "2350"]
[BlackElo "2125"]
[TimeControl "300"]
[EndTime "5:12:42 PDT"]
[Termination "elis06 won by resignation"]

1. d4 Nf6 2. Nf3 d5 3. Bf4 c5 4. e3 Nc6 5. c3 Qb6 6. Qc1 Bf5 7. Nbd2 cxd4 8. exd4 Rc8 9. Be2 e6 10. O-O Be7 11.
a3 O-O 12. h3 h6 13. Re1 Ne4 14. Nxe4 dxe4 15. Ne5 Nxd4 16. Nd7 Nxe2+ 17. Rxe2 Qb5 18.
Rd2 Rfd8 19. Qd1 Kh8 20. Ne5 Rxd2 21. Qxd2 Qe8 22. Qe3 g5 23. Bg3 f6 24. Ng4 Qg6 25. Nh2 h5 26. Nf1 h4 27. Bh2 g4 28. hxg4 Bxg4 29.
Kh1 Bc5 30. Qf4 e5 31. Qd2 Rg8 32. Ne3 Bf3 33. Rg1 Bxe3 34. fxe3 Bg4 35. Qf2 Qh5 36. Qxf6+ Rg7 37. Bxe5 Qh7 38. Qxg7+ Qxg7 39. Bxg7+ Kxg7 40. Kh2 1-0

[Event "Live Chess"]
[Site "Chess.com"]
[Date "2024.06.02"]
[Round "-"]
[White "Andriy_Yaremovych"]
[Black "seasidecastle27"]
[Result "0-1"]
[WhiteElo "1626"]
[BlackElo "1944"]
[TimeControl "300"]
[EndTime "5:12:46 PDT"]
[Termination "seasidecastle27 won by resignation"]

1. e4 e6 2. Nc3 d5 3. f4 d4 4. Nce2 c5 5. Nf3 Nc6 6. d3 Nf6 7. Bd2 Be7 8. g3 b6 9. Bg2 Bb7 10.
Neg1 Qc7 11. a3 O-O-O 12. Qe2 Ng4 13. h3 Ne3 14. Bxe3 dxe3 15. Qxe3 Nd4 16. Nxd4 cxd4 17. Qe2 Kb8 18. O-O-O Rc8 19. Kb1 Qc6 20. Nf3 Rhd8 21. Rd2 Qb5 22. Ka1 Qa4 23. Ka2 b5 24. Ra1 b4 25.
Kb1 bxa3 26. b3 Qb4 27. Ra2 Rc3 28. Ne5 a5 29. Nc4 a4 30. Nxa3 axb3 31. cxb3 Rxb3+ 32.
Rab2 Qxa3 33. Rxb3 Qxb3+ 34. Rb2 Qc3 35. e5 Rd5 36.
Bxd5 exd5 37. Qc2 Ba3 38. Qxc3 dxc3 39. Rc2 d4 40. Ka2 Bb2 41. f5 Bd5+ 42. Kb1 Bb3 43. Rxb2 cxb2 44. Kxb2 Bd5 45. Kc2 Kc7 46. Kd2 Kb6 47.
Ke2 Kb5 48. g4 h6 49. Kf2 Kb4 50. Kg3 Kc3 51. Kf4 Kxd3 52. g5 hxg5+ 53. Kxg5 Ke3 54. f6 gxf6+ 55. Kxf6 d3 56. h4 d2 57. h5 d1=Q 58. h6 Qf1+ 59. Ke7 Qh3 60. Kd6 Qxh6+ 61. Kxd5 Qe6+ 62. Kc5 Qxe5+ 0-1

[Event "Live Chess"]
[Site "Chess.com"]
[Date "2024.06.02"]
[Round "-"]
[White "yarek"]
[Black "Pandreq"]
[Result "1-0"]
[WhiteElo "1760"]
[BlackElo "1232"]
[TimeControl "300"]
[EndTime "5:12:49 PDT"]
[Termination "yarek won on time"]

1. e4 Nf6 2. e5 Nd5 3. c4 Nb6 4. c5 Nd5 5. Bc4 e6 6. Nc3 Nc6 7. d4 d6 8. cxd6 Nxc3 9. bxc3 cxd6 10. exd6 Bxd6 11. Qg4 Qf6 12. Nf3 e5 13. dxe5 Nxe5 14. Qe4 O-O 15. Nxe5 Bxe5 16. O-O Bxc3 17. Bd3 g6 18. Rb1 Be5 19. Qc4 Be6 20. Qa4 Rfd8 21. Be2 Bd5 22. Be3 Bc6 23. Qg4 Qd6 24. h4 Bd7 25. Qf3 b6 26. Rfd1 Qc6 27. h5 Qxf3 28. Bxf3 Rac8 29. hxg6 hxg6 30. Rd5 Be6 31. Rxe5 Rc2 32. a4 Ra2 33. g3 Rxa4 34. Kg2 Rc4 35. Be2 Rc2 36. Ba6 Rd5 37. Rxd5 Bxd5+ 38. Kg1 Ra2 39.
Bd3 Be6 40. Bd4 b5 41. Bxb5 Rd2 42. Be3 Ra2 43. Rd1 a6 44. Bd3 a5 45. Be4 a4 46.
Bc6 a3 47. Kg2 Rb2 48. Ra1 a2 49. Be4 1-0

[Event "Live Chess"]
[Site "Chess.com"]
[Date "2024.06.02"]
[Round "-"]
[White "IgorSchukin"]
[Black "TJ-W"]
[Result "1-0"]
[WhiteElo "1771"]
[BlackElo "1576"]
[TimeControl "300"]
[EndTime "5:13:09 PDT"]
[Termination "IgorSchukin won on time"]

1. e4 c5 2. a3 Nc6 3. b4 cxb4 4. axb4 Nxb4 5. c3 Nc6 6. d4 d5 7. exd5 Qxd5 8. Na3 e5 9. Nb5 Bd6 10. Bc4 Qxg2 11.
Nxd6+ Ke7 12. Nxf7 Qxh1 13. Kf1 Bh3+ 14. Ke2 Qe4+ 15. Be3 exd4 16. cxd4 Qg4+ 17. f3 Qg2+ 18. Bf2 Nf6 19. Nxh8 Rxh8 20. Nxh3 Qxh3 21. Qc1 Qxh2 22. Qe3+ Kd8 23. Kd3 Re8 24. Qd2 a6 25. Re1 Rxe1 26.
Qxe1 Qd6 27. Qe6 Qxe6 28. Bxe6 Ke7 29. d5 Nb4+ 30. Kc4 a5 31. Bc5+ Kd8 32. d6 Nc6 33.
Bb6+ Ke8 34. Bc8 h5 35. Bxb7 Ne5+ 36. Kd4 Ned7 37. Bxa5 h4 38. Be1 h3 39. Bg3 g5 40.
Bc6 Kd8 41. Ke3 1-0

[Event "Live Chess"]
[Site "Chess.com"]
[Date "2024.06.02"]
[Round "-"]
[White "ClassyChameleon"]
[Black "halfberg"]
[Result "0-1"]
[WhiteElo "1553"]
[BlackElo "1899"]
[TimeControl "300"]
[EndTime "5:13:23 PDT"]
[Termination "halfberg won by resignation"]

1. e4 c5 2. Nf3 Nc6 3. d4 cxd4 4. Nxd4 Nf6 5. Nxc6 bxc6 6. e5 Nd5 7. Nc3 Nxc3 8.
bxc3 d5 9. Bf4 e6 10. Bd3 Be7 11. O-O O-O 12. Qg4 f5 13. Qg3 a5 14. h4 Bxh4 15.
Qh3 Be7 16. g3 Ba6 17. Bxa6 Rxa6 18. Kg2 Bg5 19. Rh1 h6 20. Rab1 Bxf4 21. gxf4 Rb6 22.
Rxb6 Qxb6 23. Qg3 Kh7 24. Kh2 Qc5 25. Rg1 Qe7 26. Rg2 Rg8 27. Kg1 g5 28. fxg5 Rxg5 29.
Qe3 Rxg2+ 30. Kxg2 Qg5+ 31. Kf1 Qxe3 32. fxe3 Kg6 33.
Kf2 Kg5 34. Kf3 h5 35. a3 h4 36. a4 h3 37. Kg3 h2 38. Kxh2 f4 39. exf4+ Kxf4 40. Kg2 Kxe5 41. Kf3 Kf5 42. Ke3 e5 43. Kd3 Kf4 44. Ke2 c5 45. Kd3 c4+ 46. Ke2 Ke4 47.
Kf2 d4 48. cxd4 Kxd4 49. Ke2 Kc3 50. Kd1 e4 51. Kc1 e3 52. Kd1 e2+ 53. Kxe2 Kxc2 54.
Ke3 Kb2 55. Kd2 c3+ 56. Kd1 c2+ 0-1

[Event "Live Chess"]
[Site "Chess.com"]
[Date "2024.06.02"]
[Round "-"]
[White "LL220284LL"]
[Black "Bradfield133"]
[Result "1-0"]
[WhiteElo "2500"]
[BlackElo "1836"]
[TimeControl "300"]
[EndTime "5:13:52 PDT"]
[Termination "LL220284LL won by resignation"]

1. Nf3 c5 2. b3 d6 3. Bb2 Nh6 4. e3 e5 5. d3 Be7 6. Be2 O-O 7.
O-O f5 8. c4 Be6 9. Nc3 Nd7 10.
Qc2 g5 11. Nd2 f4 12. d4 Bf5 13. Bd3 cxd4 14. exd4 exd4 15. Nb5 Ne5 16. Bxf5 Nxf5 17. Nxd4 Nxd4 18. Bxd4 Bf6 19. Bxe5 Bxe5 20. Rad1 Qe7 21. f3 Bd4+ 22. Kh1 Rae8 23. Ne4 Be5 24. Rd5 Rd8 25.
Rfd1 Qg7 26. c5 Rf7 27. Nxd6 Bxd6 28. cxd6 Rfd7 29. h3 Qf7 30. Rxg5+ Kf8 31. Rf5 1-0

[Event "Live Chess"]
[Site "Chess.com"]
[Date "2024.06.02"]
[Round "-"]
[White "bobby_jamesFischer86"]
[Black "road2gm5000"]
[Result "0-1"]
[WhiteElo "1623"]
[BlackElo "1130"]
[TimeControl "300"]
[EndTime "5:14:10 PDT"]
[Termination "road2gm5000 won by checkmate"]

1. d4 d5 2. c4 e6 3. Nc3 Nf6 4. cxd5 Nxd5 5. e4 Nxc3 6. bxc3 Nc6 7. Bd3 Be7 8. Nf3 O-O 9. Be3 Bf6 10. O-O e5 11. d5 Ne7 12. c4 c6 13. Rc1 cxd5 14.
cxd5 Re8 15. Bb1 b6 16. Qd3 Bb7 17. Nxe5 Bxe5 18. f4 Bb8 19. e5 g6 20. d6 Nf5 21.
Bf2 Bxd6 22. exd6 Qxd6 23. Qxd6 Nxd6 24. Rc7 Rac8 25. Rfc1 Rxc7 26. Rxc7 Rc8 27. Rxc8+ Nxc8 28. Bc2 Ne7 29. Bb3 Bd5 30. g3 Bxb3 31. axb3 Kf8 32.
Kf1 Ke8 33. Ke2 Kd7 34. Kd3 Kc6 35. Kc4 Nd5 36. Bg1 f5 37. Kd4 Kd6 38. Kc4 a6 39. b4 b5+ 40. Kb3 Kc6 41. Bc5 Nb6 42. h3 Nc4 43. g4 fxg4 44. hxg4 Nd2+ 45. Kc2 Ne4 46. Bf8 Nf2 47. f5 Nxg4 48. fxg6 hxg6 49. Kd3 Kb6 50. Ke4 Nf6+ 51. Kf4 Nh7 52. Bg7 g5+ 53.
Kf5 a5 54. bxa5+ Kxa5 55. Kg6 g4 56. Kxh7 g3 57. Bd4 g2 58. Kg6 b4 59. Kf5 b3 60.
Kf4 b2 61. Bxb2 g1=Q 62. Be5 Qf2+ 63. Ke4 Kb5 64. Bd4 Qh4+ 65. Kd3 Qg3+ 66. Be3 Kc6 67. Ke4 Kd7 68. Bf4 Qe1+ 69. Be3 Ke6 70. Kd3 Ke5 71.
Bd4+ Kd5 72. Bc3 Qe4+ 73. Kd2 Kc4 74. Ba1 Qd3+ 75. Kc1 Qe2 76. Kb1 Kb3 77. Bc3 Qc2+ 78.
Ka1 Qa2# 0-1

[Event "Live Chess"]
[Site "Chess.com"]
[Date "2024.06.02"]
[Round "-"]
[White "BearFromUkraine"]
[Black "YrrriKharkiv"]
[Result "0-1"]
[WhiteElo "988"]
[BlackElo "2133"]
[TimeControl "300"]
[EndTime "5:14:10 PDT"]
[Termination "YrrriKharkiv won by resignation"]

1. e4 e6 2. d4 d5 3. exd5 exd5 4. Nf3 Bd6 5. Be2 Ne7 6. O-O Nd7 7. Nc3 c6 8. Bg5 f6 9. Be3 O-O 10. Re1 Re8 11. Qd3 Nf8 12. h4 Bg4 13. Nd2 Bf5 0-1

[Event "Live Chess"]
[Site "Chess.com"]
[Date "2024.06.02"]
[Round "-"]
[White "KeithArkell"]
[Black "upoe610"]
[Result "1-0"]
[WhiteElo "2421"]
[BlackElo "2143"]
[TimeControl "300"]
[EndTime "5:14:13 PDT"]
[Termination "KeithArkell won by resignation"]

1. d4 Nf6 2. Nf3 c5 3. c3 g6 4. Bg5 Bg7 5. Bxf6 Bxf6 6. Nbd2 cxd4 7. cxd4 Nc6 8. e3 O-O 9. Bd3 d5 10. Rc1 Nb4 11. Bb1 Bg4 12. a3 Nc6 13. h3 Bxf3 14. Nxf3 e6 15. O-O Bg7 16. Qa4 Rc8 17. Bd3 Qa5 18.
Bb5 Qxa4 19. Bxa4 Na5 20. Nd2 a6 21. b4 Nc6 22. Bxc6 Rxc6 23. Rxc6 bxc6 24. Rc1 Rc8 25. Nb3 Bf8 26. Na5 e5 27. Rxc6 Ra8 28. dxe5 Bg7 29. f4 g5 30. Kf2 gxf4 31. exf4 Bf8 32. Ke2 Kg7 33. g4 Rd8 34. Kd3 1-0

[Event "Live Chess"]
[Site "Chess.com"]
[Date "2024.06.02"]
[Round "-"]
[White "Grace6363"]
[Black "GEMdzq"]
[Result "0-1"]
[WhiteElo "1142"]
[BlackElo "2292"]
[TimeControl "300"]
[EndTime "5:14:16 PDT"]
[Termination "GEMdzq won by resignation"]

1. d4 Nf6 2. c4 e5 3. dxe5 Ng4 4.
Bf4 Nc6 5. Nf3 Bb4+ 6. Nbd2 Qe7 7. e3 Ngxe5 8. Nxe5 Nxe5 9. Be2 O-O 10. O-O d6 11. a3 Bxd2 12. Qxd2 Bf5 13. h3 Qf6 14. g4 Qg6 15. Bxe5 dxe5 16. Qa5 Bd3 17. Bxd3 Qxd3 18.
Qxe5 c6 19. Qd4 Qg6 20. Rad1 Rae8 21. Qd7 f5 22. Qd3 Qh6 23. Rfe1 Qxh3 24. gxf5 Rxf5 25. f4 Qg3+ 26. Kf1 Qf3+ 27. Kg1 Rh5 0-1

[Event "Live Chess"]
[Site "Chess.com"]
[Date "2024.06.02"]
[Round "-"]
[White "Colm_Buckley"]
[Black "AlanBstard10"]
[Result "1-0"]
[WhiteElo "1875"]
[BlackElo "1235"]
[TimeControl "300"]
[EndTime "5:14:18 PDT"]
[Termination "Colm_Buckley won by resignation"]

1. d4 Nf6 2. c4 c5 3. e3 g6 4. Nc3 Bg7 5. Nf3 O-O 6. Be2 d6 7. O-O Nc6 8. dxc5 dxc5 9. a3 Qxd1 10. Rxd1 Bg4 11. h3 Bxf3 12. Bxf3 Rab8 13. Bd2 Ne5 14.
Be2 Nfd7 15. f4 Nc6 16. Rab1 b6 17. Bf3 Rbc8 18. Be1 Nf6 19. Nd5 Nxd5 20. Rxd5 Rfd8 21. Rxd8+ Nxd8 22. Bh4 f6 23. Bf2 Nf7 24. Bd5 Kf8 25.
b4 cxb4 26. axb4 Nd6 27. Rc1 Ke8 28. e4 Bh6 29. g3 g5 30. Be3 gxf4 31. gxf4 Bg7 32.
Kf2 f5 33. e5 Nf7 34. Be6 Rc6 35. Bxf5 h6 36. c5 bxc5 37. Rxc5 Rxc5 38. Bxc5 a6 39.
Bd3 Nd8 40. Bxa6 Nc6 41. Bb5 Kd7 42. Bxc6+ Kxc6 43. Bxe7 Kb5 44. Ke3 Kc4 45. Ke4 h5 46. f5 Bh6 47. f6 Kb5 48. f7 Kc6 49. f8=Q Bxf8 50. Bxf8 Kd7 51. Kf5 1-0

[Event "Live Chess"]
[Site "Chess.com"]
[Date "2024.06.02"]
[Round "-"]
[White "Ninifu"]
[Black "Dhaydon19"]
[Result "0-1"]
[WhiteElo "2010"]
[BlackElo "2639"]
[TimeControl "300"]
[EndTime "5:14:19 PDT"]
[Termination "Dhaydon19 won on time"]

1. d4 e6 2. c4 Nf6 3. Nf3 d5 4. g3 Be7 5. Bg2 O-O 6. O-O b6 7.
Nc3 Bb7 8. Ne5 c5 9. cxd5 Nxd5 10. e4 Nxc3 11. bxc3 Nd7 12. Nc4 cxd4 13. cxd4 Rc8 14.
Ne3 Nf6 15. d5 exd5 16. e5 Ne4 17. Nf5 g6 18. Qg4 Bc5 19. Be3 Kh8 20. Bh6 Rg8 21. Bxe4 dxe4 22. Rad1 gxf5 23. Qxf5 Qe7 24. Rd7 Qe6 25. Qxe6 fxe6 26. Rxb7 Rg6 27. Bf4 Rg7 28. Rxg7 Kxg7 29. Rd1 Kg6 30. Rd7 a5 31. h4 h5 32. Kg2 a4 33. f3 Bf2 0-1

[Event "Live Chess"]
[Site "Chess.com"]
[Date "2024.06.02"]
[Round "-"]
[White "MaksymYurii"]
[Black "RuslanChessN"]
[Result "0-1"]
[WhiteElo "999"]
[BlackElo "1920"]
[TimeControl "300"]
[EndTime "5:14:37 PDT"]
[Termination "RuslanChessN won by checkmate"]

1. e4 c6 2. Nf3 d5 3. exd5 cxd5 4.
Be2 Nc6 5. O-O e5 6. d3 Nf6 7.
Be3 Bd6 8. Bg5 h6 9. Bxf6 Qxf6 10. Nc3 Be6 11. Re1 O-O 12. Nb5 Bb8 13. d4 e4 14.
Nd2 a6 15. Nc3 Nxd4 16. f3 Qe5 17. fxe4 Qxh2+ 18. Kf1 Bg3 19. Nf3 Qh1+ 20. Ng1 Bxe1 21. Qxe1 Nxc2 22. Qd2 Nxa1 23. exd5 Rad8 24. Qd1 Nc2 25.
Qxc2 Bxd5 26. Nxd5 Rxd5 27. Qe4 Rfd8 28. Kf2 Qh2 29. Bc4 Rd2+ 30. Ne2 g5 31. Qxb7 Qf4+ 32.
Kg1 Rd1# 0-1

[Event "Live Chess"]
[Site "Chess.com"]
[Date "2024.06.02"]
[Round "-"]
[White "Duke_of_Bebington"]
[Black "Tatarinov_Maxim"]
[Result "0-1"]
[WhiteElo "1627"]
[BlackElo "2286"]
[TimeControl "300"]
[EndTime "5:15:23 PDT"]
[Termination "Tatarinov_Maxim won by checkmate"]

1. e4 c5 2. Nf3 Nc6 3. c3 d6 4.
d4 Nf6 5. d5 Nb8 6. Bd3 g6 7.
O-O Bg7 8. Be3 O-O 9. Nbd2 Na6 10. a3 Nc7 11. h3 Rb8 12. Nc4 Bd7 13. b4 b5 14. Na5 c4 15. Bc2 e5 16. Qd2 a6 17.
Bh6 Nh5 18. Bxg7 Kxg7 19. Rfe1 Qf6 20. Nh2 Nf4 21. Re3 Qg5 22. Rd1 Qxg2# 0-1

[Event "Live Chess"]
[Site "Chess.com"]
[Date "2024.06.02"]
[Round "-"]
[White "Mikhail_Golubev"]
[Black "ACM42"]
[Result "0-1"]
[WhiteElo "2496"]
[BlackElo "2215"]
[TimeControl "300"]
[EndTime "5:15:31 PDT"]
[Termination "ACM42 won on time"]

1. e4 e6 2. d4 d5 3. e5 c5 4.
c3 Nc6 5. Nf3 Qb6 6. Bd3 Bd7 7.
O-O cxd4 8. Nbd2 Nge7 9. Re1 Nf5 10. g4 Nh6 11. h3 Be7 12. Nb3 dxc3 13. bxc3 Na5 14. Nbd4 Nc4 15. Rb1 Qc7 16. Bf4 a6 17. a4 Ng8 18. Bg3 h5 19. Nf5 hxg4 20. hxg4 g6 21.
Nxe7 Nxe7 22. Ng5 Bc6 23. Qf3 Ng8 24. Re2 Nh6 25. Qf6 Rg8 26. f3 Qe7 27. Qf4 O-O-O 28. Nh7 g5 29. Qf6 Qxf6 30. Nxf6 Rh8 31. Rh2 Bxa4 32. Kf2 Bb5 33. Rbh1 Nxg4+ 34. fxg4 Rxh2+ 35. Rxh2 d4 36. cxd4 Rxd4 37. Bxc4 Bxc4 38. Rh8+ Kc7 39. Ne8+ Kd7 40. Nd6 Rxg4 41. Re8 Bd5 42. Rf8 f5 43. Rf7+ Kc6 44. Rxb7 f4 45. Bh2 Rg2+ 0-1

[Event "Live Chess"]
[Site "Chess.com"]
[Date "2024.06.02"]
[Round "-"]
[White "lateforthesky"]
[Black "juniortay"]
[Result "1/2-1/2"]
[WhiteElo "2050"]
[BlackElo "2349"]
[TimeControl "300"]
[EndTime "5:16:04 PDT"]
[Termination "Game drawn by repetition"]

1. e4 e5 2. Nf3 Nf6 3. d4 Nxe4 4.
dxe5 Bc5 5. Bc4 Nxf2 6. Bxf7+ Kf8 7. Qd5 Nxh1 8. Qxc5+ Kxf7 9. Qd5+ Kf8 10. Nc3 c6 11. Qe4 d5 12. Qf4+ Kg8 13. Bd2 Qe7 14.
Be3 Be6 15. O-O-O Nd7 16. Rxh1 Rf8 17. Qg3 h6 18. Ne2 Kh7 19. Nf4 Bf5 20. Nd4 Qxe5 21. Re1 Re8 22. Bf2 Qf6 23. Nh5 Qg6 24. Nxf5 Rxe1+ 25. Bxe1 Qxg3 26. Nhxg3 Re8 27. Kd2 Nc5 28. b4 Ne4+ 29.
Nxe4 Rxe4 30. c3 Kg6 31. Ng3 Re8 32. Bf2 b6 33. a4 h5 34. Ne2 Rc8 35. a5 bxa5 36.
bxa5 a6 37. Bc5 Kf5 38. Nd4+ Ke4 39. Ne6 g6 40. Ng5+ Kf5 41. Nf3 Ke4 42. Ng5+ Kf5 43. Nf3 Ke4 44. Ng5+ 1/2-1/2

[Event "Live Chess"]
[Site "Chess.com"]
[Date "2024.06.02"]
[Round "-"]
[White "Andriy_Yaremovych"]
[Black "matt1979"]
[Result "1-0"]
[WhiteElo "1630"]
[BlackElo "1409"]
[TimeControl "300"]
[EndTime "5:16:21 PDT"]
[Termination "Andriy_Yaremovych won by checkmate"]

1. e4 d6 2. Nc3 Nf6 3. f4 e5 4. f5 Be7 5. Nf3 c6 6. Bc4 Qc7 7. d3 O-O 8. Bg5 b5 9. Bxf6 Bxf6 10. Bb3 a5 11. a3 a4 12. Ba2 Na6 13. Qd2 Nc5 14.
O-O Qb6 15. Kh1 Bd7 16. Ng5 h6 17. Nh3 Rad8 18. Rf3 Bc8 19. Rg3 Bb7 20. Qxh6 d5 21. Qh5 dxe4 22. Nxe4 Nxe4 23. dxe4 Rd2 24. Ng5 Rfd8 25.
Qxf7+ Kh8 26. Rh3# 1-0

[Event "Live Chess"]
[Site "Chess.com"]
[Date "2024.06.02"]
[Round "-"]
[White "bobby_jamesFischer86"]
[Black "BearFromUkraine"]
[Result "1-0"]
[WhiteElo "1624"]
[BlackElo "985"]
[TimeControl "300"]
[EndTime "5:16:31 PDT"]
[Termination "bobby_jamesFischer86 won by checkmate"]

1. d4 d5 2. c4 e6 3. Nc3 Nf6 4.
cxd5 Nxd5 5. Nf3 Bd6 6. e4 Nxc3 7. bxc3 O-O 8. e5 Be7 9. Bd3 h6 10. Bc2 b6 11. Qd3 g6 12. Bxh6 Re8 13. h4 Bb7 14. h5 Nc6 15. hxg6 Nxe5 16. gxf7+ Nxf7 17. Qh7# 1-0

[Event "Live Chess"]
[Site "Chess.com"]
[Date "2024.06.02"]
[Round "-"]
[White "Ferrarifan27"]
[Black "defenderalist"]
[Result "1-0"]
[WhiteElo "2166"]
[BlackElo "1543"]
[TimeControl "300"]
[EndTime "5:17:03 PDT"]
[Termination "Ferrarifan27 won by resignation"]

1. e4 c5 2. Nf3 d6 3. d4 cxd4 4.
Nxd4 Nf6 5. Nc3 Nc6 6. Nxc6 bxc6 7. Bg5 e6 8. Qd2 Be7 9. O-O-O h6 10. Bf4 e5 11.
Bg3 Be6 12. Ba6 Qb6 13. Qe2 Rb8 14. b3 c5 15. Bb5+ Nd7 16. Bxd7+ Bxd7 17. Nd5 Qa5 18. Nxe7 Kxe7 19. Kb1 Rhc8 20. Qd3 Rb6 21. c4 Ra6 22. Rd2 Be6 23. Rhd1 Qc7 24. f4 exf4 25. Bxf4 Rd8 26. e5 d5 27. cxd5 Bg4 28. Qxa6 1-0

[Event "Live Chess"]
[Site "Chess.com"]
[Date "2024.06.02"]
[Round "-"]
[White "booktrunk"]
[Black "jimwad"]
[Result "1-0"]
[WhiteElo "1509"]
[BlackElo "1298"]
[TimeControl "300"]
[EndTime "5:17:24 PDT"]
[Termination "booktrunk won on time"]

1. d4 d5 2. Nc3 Nf6 3. Bf4 e6 4. e3 Bd6 5. Bxd6 Qxd6 6. Nf3 Nc6 7. Nb5 Qd7 8. Nc3 O-O 9. Bd3 Nb4 10. Be2 b6 11. a3 Na6 12. O-O c5 13. dxc5 Nxc5 14. b4 Nce4 15. Nxe4 Nxe4 16. Bd3 Nf6 17. Ne5 Qd6 18.
f4 Nd7 19. Nxd7 Qxd7 20. Rf3 Bb7 21. Rh3 h6 22. Qg4 Kh8 23. Rg3 f5 24. Qg6 Qf7 25.
Qxf7 Rxf7 26. Rc1 Rg8 27. c4 g5 28. cxd5 Bxd5 29. fxg5 hxg5 30. Rh3+ Rh7 31. Rxh7+ Kxh7 32. Rc7+ Rg7 33. Rc8 Kg6 34. Kf2 Kf6 35. h3 e5 36.
Rf8+ Rf7 37. Rh8 e4 38. Bc2 Rg7 39. Bd1 f4 40. exf4 gxf4 41. Bh5 e3+ 42. Kf1 Bxg2+ 43. Ke2 Bxh3 44. Rf8+ Kg5 45. Bf3 Bg4 46. Rd8 Bxf3+ 47.
Kxf3 Re7 48. Rd5+ Kf6 49. Rd1 e2 50. Re1 Kf5 51. Kf2 Re3 52. a4 Re4 53. a5 bxa5 54. bxa5 Kg4 55. Rg1+ Kf5 56. Re1 Re5 57. a6 Re6 58.
Kf3 Rxa6 59. Rxe2 Ra3+ 60. Kf2 f3 61. Rb2 a5 62. Rb5+ Ke4 63. Rb6 Ra2+ 64. Kf1 Ke3 65. Rb3+ Kf4 66. Rc3 Kg3 67. Rc1 a4 68. Rb1 a3 69. Kg1 Rg2+ 70. Kh1 a2 71. Ra1 f2 72. Rd1 Rg1+ 73. Rxg1+ 1-0

[Event "Live Chess"]
[Site "Chess.com"]
[Date "2024.06.02"]
[Round "-"]
[White "PETROMICH1967"]
[Black "MagnersCarlsberg2870"]
[Result "0-1"]
[WhiteElo "1352"]
[BlackElo "1768"]
[TimeControl "300"]
[EndTime "5:17:35 PDT"]
[Termination "MagnersCarlsberg2870 won by resignation"]

1. e4 e5 2. Nf3 Nf6 3. Nxe5 Nc6 4. d4 Nxe5 5. dxe5 Nxe4 6. Bc4 Bc5 7. Qd5 Bxf2+ 8. Ke2 Qh4 9. Qxf7+ Kd8 10. Rf1 Qg4+ 11. Qf3 d5 12. exd6 Nxd6 13. Qxg4 Bxg4+ 14. Kxf2 Nxc4 15. Bg5+ Kd7 16. b3 Rhf8+ 17. Kg1 Rxf1+ 18.
Kxf1 Rf8+ 19. Kg1 Nd6 20. h3 Bf5 21. c4 Ne4 22. Be3 Re8 23. Na3 Nc3 24. Bd4 Ne2+ 25. Kf2 Nxd4 26. Rd1 Re4 27. Nb5 c5 28. Nxa7 Ke7 29.
g4 Bd7 30. Rd2 Rf4+ 31. Kg3 Rf3+ 32. Kh4 h6 33. Nb5 Be8 34. g5 hxg5+ 35. Kxg5 Bxb5 36. cxb5 Nxb5 37. h4 Nd4 38. h5 Rg3+ 39. Kh4 Nf3+ 40.
Kxg3 Nxd2 41. Kf4 Kf6 42. Ke3 Nb1 43. Kd3 Kg5 44. Kc2 Na3+ 45. Kc3 Kxh5 46. b4 cxb4+ 47. Kxb4 Nc2+ 48. Kc3 Na3 49. Kb4 Nb1 50. Kb5 g5 51. Kb6 g4 52. a4 g3 53. Kxb7 g2 54. a5 Nc3 55. a6 Nb5 56. Kb6 g1=Q+ 57. Kxb5 Qa7 58.
Ka5 Kg5 0-1

[Event "Live Chess"]
[Site "Chess.com"]
[Date "2024.06.02"]
[Round "-"]
[White "Dhaydon19"]
[Black "TheRedDrag"]
[Result "1-0"]
[WhiteElo "2640"]
[BlackElo "2172"]
[TimeControl "300"]
[EndTime "5:17:36 PDT"]
[Termination "Dhaydon19 won by resignation"]

1. d3 Nf6 2. Nf3 g6 3. g3 Bg7 4. Bg2 O-O 5. O-O d6 6. c4 Nc6 7. Nc3 e5 8. a3 a6 9. Rb1 Nd7 10. b4 f5 11. Bd2 h6 12. Nd5 Nf6 13. Ne1 Be6 14. Nxf6+ Qxf6 15. Nc2 f4 16. Bc3 g5 17.
b5 axb5 18. cxb5 Nd4 19. Bxb7 Rab8 20. Bg2 g4 21. Bxd4 exd4 22. a4 f3 23. exf3 gxf3 24. Bh1 h5 25. Re1 Bf5 26. Bxf3 Bxd3 27. Bd5+ 1-0

[Event "Live Chess"]
[Site "Chess.com"]
[Date "2024.06.02"]
[Round "-"]
[White "road2gm5000"]
[Black "elis06"]
[Result "0-1"]
[WhiteElo "1130"]
[BlackElo "2350"]
[TimeControl "300"]
[EndTime "5:17:51 PDT"]
[Termination "elis06 won by checkmate"]

1. e4 c6 2. d4 d5 3. exd5 cxd5 4. Bd3 Nc6 5. c3 Nf6 6. Bg5 Bg4 7. Nf3 e6 8. h3 Bh5 9. Nbd2 Bd6 10. Qc2 Qc7 11.
O-O h6 12. Bxf6 gxf6 13. Bh7 f5 14. Rfe1 Rxh7 15. Qxf5 Bg6 16. Qf6 Be7 17. Rxe6 O-O-O 18. Rxe7 Qxe7 19. Qf4 Qc7 20. Qg4+ Kb8 21. Nb3 h5 22. Qh4 Be4 23. Qf6 Bxf3 24. Qxf3 Rg7 25. Nc5 Rdg8 26. g3 Rxg3+ 27. fxg3 Rxg3+ 28. Qxg3 Qxg3+ 29. Kf1 Qxh3+ 30. Ke2 Qg2+ 31. Kd3 Qf3+ 32. Kc2 Qe2+ 33. Kb3 Na5+ 34. Ka3 Nc4+ 35. Kb3 Qxb2+ 36. Ka4 b5# 0-1

[Event "Live Chess"]
[Site "Chess.com"]
[Date "2024.06.02"]
[Round "-"]
[White "missedJariChance"]
[Black "vincents82"]
[Result "0-1"]
[WhiteElo "1360"]
[BlackElo "1994"]
[TimeControl "300"]
[EndTime "5:18:01 PDT"]
[Termination "vincents82 won by resignation"]

1. b3 d5 2. Bb2 Nf6 3. Nf3 e6 4. e3 Be7 5. Be2 O-O 6. O-O c5 7. c4 b6 8. cxd5 exd5 9. d3 Bb7 10. Nbd2 Nbd7 11. Rc1 Rc8 12. d4 Ne4 13. Nxe4 dxe4 14.
Nd2 Bd6 15. dxc5 Nxc5 16. Nc4 Bb8 17. h3 Rc7 18. Qxd8 Rxd8 19. Be5 Rcd7 20. Bg4 Re7 21. Bxb8 Rxb8 22. Rfd1 g6 23. Nd6 f5 24. Be2 Rd7 25. Bc4+ Kg7 26. Nxb7 Rbxb7 27. Rd4 Kf6 28. Rcd1 Rxd4 29. exd4 Ne6 30. d5 Nc5 31. d6 Nd7 32. Bb5 Ke5 33. Bd3 exd3 34. Rxd3 Nc5 35. Rd1 Rd7 0-1

[Event "Live Chess"]
[Site "Chess.com"]
[Date "2024.06.02"]
[Round "-"]
[White "seasidecastle27"]
[Black "degringolade64"]
[Result "0-1"]
[WhiteElo "1940"]
[BlackElo "2130"]
[TimeControl "300"]
[EndTime "5:18:28 PDT"]
[Termination "degringolade64 won by resignation"]

1. d4 Nf6 2. Nf3 d5 3. Bf4 c5 4. e3 Nc6 5. Nbd2 Qb6 6. Bd3 c4 7. Be2 Qxb2 8. Rb1 Qxa2 9. Ra1 Qb2 10. Rb1 Qc3 11. O-O e6 12. Ne5 Be7 13. Bf3 O-O 14. Rc1 Nxe5 15. dxe5 Nd7 16. Nb1 Qa5 17. e4 dxe4 18.
Bxe4 Nxe5 19. Qh5 f5 20. Bd2 Qc7 21. Bc3 Bf6 22. f4 Ng4 23. Bf3 Qc5+ 24. Kh1 Nf2+ 25.
Rxf2 Qxf2 0-1

[Event "Live Chess"]
[Site "Chess.com"]
[Date "2024.06.02"]
[Round "-"]
[White "WilliamofOrange16th"]
[Black "NeilDruggan73"]
[Result "1-0"]
[WhiteElo "2005"]
[BlackElo "1711"]
[TimeControl "300"]
[EndTime "5:18:34 PDT"]
[Termination "WilliamofOrange16th won on time"]

1. e4 d6 2. d4 Nf6 3. Nc3 g6 4. Be2 Bg7 5. h4 h5 6. Nf3 c6 7.
Ng5 b5 8. a3 a5 9. f3 Nbd7 10.
Be3 Nb6 11. b3 a4 12. Qd2 Qc7 13. O-O O-O 14. Bf4 e5 15. dxe5 dxe5 16. Be3 Rd8 17. Qe1 axb3 18. cxb3 Ne8 19. Qf2 f6 20. Bxb6 Qe7 21.
Bxd8 Qxd8 22. Nh3 Bxh3 23. gxh3 Kh7 24. Rfd1 Qc8 25. Kh2 Qe6 26. Qg2 Bh6 27. Rg1 Qf7 28.
Bd3 Nc7 29. Ne2 Qxb3 30. Rgd1 Ne6 31. Rg1 Rg8 32. Rgd1 Bf4+ 33. Kh1 g5 34. Qf2 Kh6 35. Qb6 Nd4 36. Nxd4 exd4 37. Qxc6 Rg6 38. Qxb5 Qe6 39. Qf5 Qxf5 40. exf5 Rg7 41. a4 Rb7 42. a5 Rb2 43. a6 Rh2+ 44. Kg1 Rxh3 45. a7 gxh4 46. a8=Q Be3+ 47.
Kf1 Rg3 48. Qf8+ Kg5 49. Ra7 Rg1+ 50. Ke2 Rg2+ 51. Ke1 1-0

[Event "Live Chess"]
[Site "Chess.com"]
[Date "2024.06.02"]
[Round "-"]
[White "Pandreq"]
[Black "IgorSchukin"]
[Result "0-1"]
[WhiteElo "1231"]
[BlackElo "1772"]
[TimeControl "300"]
[EndTime "5:19:15 PDT"]
[Termination "IgorSchukin won by checkmate"]

1. d4 d5 2. c4 e5 3. cxd5 Qxd5 4. Nf3 e4 5. Nc3 Bb4 6. Ne5 Nf6 7. a3 Bxc3+ 8. bxc3 O-O 9. e3 Nbd7 10. Nxd7 Bxd7 11.
c4 Qg5 12. Rb1 b6 13. Bb2 Rad8 14. g3 h5 15. Bg2 h4 16. O-O Bg4 17. Qc2 Bf3 18.
Bh3 Ng4 19. Bc1 g6 20. Bg2 Kg7 21. Qb2 Rh8 22. d5+ f6 23. Bd2 Nxh2 24. Kxh2 hxg3+ 25. Kg1 gxf2+ 26. Rxf2 Qg3 27. Bc3 Qh2+ 28. Kf1 Qh1+ 29. Bxh1 Rxh1# 0-1